 Dungeon Crawl Stone Soup version 0.16.2-12-gd0ad4c3 (webtiles) character file.

1229 Kloppie the Skirmisher (level 8, -2/73 HPs)
             Began as a Demigod Fighter on Oct 27, 2015.
             Slain by an orc wizard
             ... wielding a +1 dagger of electrocution
              (14 damage)
             ... on level 6 of the Dungeon.
             The game lasted 00:14:08 (5986 turns).

Kloppie the Skirmisher (Demigod Fighter)            Turns: 5986, Time: 00:14:08

Health: -2/73      AC: 12    Str: 23    XL:     8   Next: 3%
Magic:  13/13      EV:  7    Int: 12    God:
Gold:   218        SH:  0    Dex: 15    Spells: 0 memorised, 7 levels left

rFire  . . .     SeeInvis .     a - +1 flail
rCold  . . .     Clarity  .     b - +0 scale mail
rNeg   . . .     SustAb   +     c - +0 shield
rPois  .         Gourm    .     k - +0 helmet (curse)
rElec  .         Spirit   .     v - +0 cloak
rCorr  .         Warding  .     p - +1 pair of gloves
rMut   .         Stasis   .     u - +0 pair of boots
MR     .....                    (no amulet)
Stlth  ..........               (no ring)
                                (no ring)

@: confused, not resistant to hostile enchantments, extremely unstealthy
A: sustain abilities
a: no special abilities


You were on level 6 of the Dungeon.
You were hungry.

You visited 1 branch of the dungeon, and saw 6 of its levels.

You collected 218 gold pieces.

Inventory:

Hand weapons
 a - a +1 flail (weapon)
Armour
 b - a +0 scale mail (worn)
 c - a +0 shield (worn)
 k - a cursed +0 helmet (worn)
 p - a +1 pair of gloves (worn)
 u - a +0 pair of boots (worn)
 v - a +0 cloak (worn)
Jewellery
 r - an uncursed amulet of resist corrosion {unknown}
Scrolls
 h - 4 scrolls of identify
 j - 2 scrolls of enchant weapon
 o - a scroll of remove curse
 y - a scroll of enchant armour {unknown}
 z - a scroll of random uselessness {unknown}
Potions
 e - a potion of might
 g - 3 potions of curing
 l - a potion of cancellation
 m - 2 potions of invisibility
 n - 2 potions of brilliance
 t - a potion of berserk rage
 w - a potion of restore abilities {unknown}
 x - a potion of ambrosia {unknown}
Comestibles
 d - 3 bread rations
 f - 2 meat rations
 i - a fruit
 s - a royal jelly


   Skills:
 + Level 7.0 Fighting
 + Level 6.6 Maces & Flails
 - Level 2.6 Armour
 - Level 2.6 Shields


You had 7 spell levels left.
You didn't know any spells.

Dungeon Overview and Level Annotations

Branches:
Dungeon (6/15)             Temple (0/1) D:4


Innate Abilities, Weirdness & Mutations

Your attributes are resistant to harm.


Message History

The orc hits you but does no damage.
Your shield prevents you from hitting something.
Something hits you but does no damage. You block the orc's attack.
You miss something. Something hits you but does no damage.
You are electrocuted!
* * * LOW HITPOINT WARNING * * *
The orc hits you but does no damage.
You closely miss something.
You hear some strange, mumbled words.
You are confused.
The orc hits you from afar with a trident.
* * * LOW HITPOINT WARNING * * *
You hit something.
An orc wizard appears from thin air!
Reactivating autopickup.
The orc wizard barely misses you. The orc hits you but does no damage.
You bump into the rock wall.
The orc wizard hits you with a dagger of electrocution.
* * * LOW HITPOINT WARNING * * *
You are electrocuted!
You die...

..#.# ######.#.#
#....#.#.#
#.##.#.#.##########
#.#)...............
#.#..#.....########
#.#..#.....#
#.####.....#
#.@oo'.(...####
######.........
......o).....####
.##..o#.....#
......#.....# ##...
###.### #... .# ..
.# # .#


You could see an orc wizard and an orc.

Vanquished Creatures
  An orc warrior (D:6)
  An ogre (D:6)
  6 scorpions (D:4)
  2 crimson imps (D:5)
  A quasit (D:5)
  2 hounds
  3 orc wizards
  2 orc priests
  7 worker ants
  10 adders
  2 shadow imps
  5 giant mites
  A worm (D:4)
  An adder skeleton (D:4)
  7 orcs
  16 bats
  A bat skeleton (D:4)
  3 bat zombies
  3 giant cockroaches
  13 hobgoblins
  6 jackals
  3 quokkas
  A ball python (D:1)
  3 giant geckos (D:3)
  A giant gecko skeleton (D:5)
  4 giant newts
  11 goblins
  A jackal skeleton (D:4)
  10 kobolds
  2 quokka skeletons (D:4)
  10 rats
  A plant (D:1)
140 creatures vanquished.

Vanquished Creatures (others)
  A fungus (D:4)
1 creature vanquished.

Grand Total: 141 creatures vanquished

Notes
Turn   | Place    | Note
--------------------------------------------------------------
     0 | D:1      | Kloppie, the Demigod Fighter, began the quest for the Orb.
     0 | D:1      | Reached XP level 1. HP: 18/18 MP: 2/2
    86 | D:1      | Reached skill level 3 in Fighting
   202 | D:1      | Reached XP level 2. HP: 26/26 MP: 3/3
   908 | D:2      | Found a white marble altar of Elyvilon.
  1011 | D:2      | Reached XP level 3. HP: 11/31 MP: 5/5
  2027 | D:2      | Reached XP level 4. HP: 30/40 MP: 7/7
  2186 | D:3      | Reached skill level 4 in Fighting
  3230 | D:4      | Reached XP level 5. HP: 46/46 MP: 8/8
  3302 | D:4      | Found a staircase to the Ecumenical Temple.
  3607 | D:4      | Reached XP level 6. HP: 25/55 MP: 10/10
  3609 | D:4      | Reached skill level 5 in Fighting
  3980 | D:4      | Reached skill level 5 in Maces & Flails
  3998 | D:4      | Reached XP level 7. HP: 9/62 MP: 12/12
  4685 | D:5      | Entered Level 5 of the Dungeon
  4774 | D:5      | Reached skill level 6 in Fighting
  5002 | D:5      | Found a deep blue altar of Sif Muna.
  5979 | D:6      | Reached skill level 7 in Fighting
  5979 | D:6      | Reached XP level 8. HP: 38/73 MP: 13/13
  5986 | D:6      | Slain by an orc wizard

Action                   |  1- 3 |  4- 6 |  7- 9 || total
-------------------------+-------+-------+-------++-------
Melee: Flail             |   171 |   222 |   198 ||   591
  Use: Potion            |       |     1 |     4 ||     5
       Scroll            |       |       |     8 ||     8
 Stab: Invisible         |       |       |     1 ||     1
  Eat: Chunk             |     2 |     8 |     7 ||    17
